 Dungeon Crawl Stone Soup version bcrawl-1.13.1 (webtiles) character file.

Game seed: 45945021314184661

65 Chiseanne the Sneak (level 3, -1/29 HPs)
             Began as a Demonspawn Archaeologist on Aug 2, 2019.
             Slain by Purgy (3 damage)
             ... in a sewer.
             The game lasted 00:04:08 (1678 turns).

Chiseanne the Sneak (Demonspawn Archaeologist)      Turns: 1678, Time: 00:04:09

Health: -1/29      AC:  8    Str:  9 (11) XL:     3   Next: 92%
Magic:  3/3        EV: 12    Int: 14 (15) God:
Gold:   106        SH:  0    Dex:  9 (12) Spells: 2/2 levels left

rFire    . . .     SeeInvis .   h - +0 short sword
rCold    . . .     Gourm    .   (no shield)
rNeg     . . .     Faith    .   b - +1 robe
rPois    .         Spirit   .   c - +1 hat
rElec    .         Reflect  .   (no cloak)
rCorr    .         Harm     .   r - +0 pair of gloves
MR       .....                  d - +1 pair of boots
Stlth    +++.......             (no amulet)
HPRegen  0.09/turn              (no ring)
MPRegen  0.08/turn              (no ring)

@: studying Crossbows
A: rugged brown scales 1, nightstalker 1
a: no special abilities


You were in a sewer.
You were not hungry.

You visited 1 branch of the dungeon, and saw 3 of its levels.
You also visited: Sewer.

You collected 106 gold pieces.

Inventory:

Hand Weapons
 h - a +0 short sword (weapon)
Missiles
 i - 38 arrows
 j - 581 stones (quivered)
 t - 52 javelins
Armour
 b - a +1 robe (worn)
 c - a +1 hat (worn)
 d - a +1 pair of boots (worn)
 r - a +0 pair of gloves (worn)
Jewellery
 m - a cursed ring of attention {unknown}
 p - an uncursed ring of ice {unknown}
Scrolls
 k - a scroll of noise
 n - a scroll of remove curse
Books
 e - a manual of Crossbows
Miscellaneous
 f - an ancient crate
Comestibles
 g - 9 rations {!d}


   Skills:
 - Level 3.0 Fighting
   Level 0.8 Maces & Flails
 + Level 2.9 Crossbows
 - Level 2.6 Dodging
 - Level 3.0 Stealth


You had 2 spell levels left.
You didn't know any spells.
Your spell library was empty.

Dungeon Overview and Level Annotations

Branches:
Dungeon (3/12)

Altars:
Fedhas
Makhleb
Nemelex Xobeh
Ru

Annotations:
Sewer Purgy


Innate Abilities, Weirdness & Mutations

You are partially covered in rugged brown scales. (AC +1, +3% HP)
You are slightly more attuned to the shadows.


Message History

* * * LOW HITPOINT WARNING * * *
You closely miss Purgy. Purgy barely misses you. Purgy misses you.
Purgy claws you but does no damage.
You hit Purgy.
Purgy is lightly wounded.
Purgy bites you.
* * * LOW HITPOINT WARNING * * *
Purgy claws you but does no damage. x2
You hit Purgy but do no damage.
Purgy is lightly wounded.
Purgy bites you.
* * * LOW HITPOINT WARNING * * *
Purgy claws you but does no damage. x2
You hit Purgy.
Purgy is lightly wounded.
Purgy completely misses you. Purgy claws you but does no damage. x2
You hit Purgy.
Purgy is lightly wounded.
Purgy barely misses you. Purgy claws you but does no damage. Purgy claws you.
You die...

##≈≈≈≈≈≈≈≈≈≈≈≈≈≈≈≈≈≈≈
##≈≈≈≈≈≈≈≈≈≈≈≈≈≈≈≈≈≈≈≈
##≈≈≈≈≈≈≈≈≈.≈≈≈≈≈≈≈≈≈≈≈
#≈≈≈≈≈≈≈≈≈≈##.≈≈≈≈≈.≈≈≈
#≈≈≈≈≈≈≈≈≈.####..≈≈≈..≈≈
#≈≈≈≈≈≈≈≈†## ###∩∩###≈
#≈≈≈≈≈≈≈≈≈# #.##
≈≈≈≈≈≈≈≈T≈# ###
≈≈≈≈≈≈≈≈#@# ≈≈≈≈≈≈≈≈###
≈≈≈≈≈≈≈## ≈≈≈≈≈≈≈##
≈≈≈≈≈≈≈.# ≈≈≈≈≈≈.##
≈≈≈≈≈≈≈≈ ≈≈≈≈≈≈≈≈
≈≈≈≈≈≈≈≈.


You could see Purgy.

Vanquished Creatures
  An adder (D:2)
  An ooze (D:3)
  2 worms
  A dart slug (D:2)
  4 leopard geckos
  2 ball pythons
  4 bats
  3 giant cockroaches
  4 goblins
  5 hobgoblins
  A jackal (D:1)
  7 frilled lizards
  2 kobolds
  3 rats
40 creatures vanquished.

Notes
Turn   | Place    | Note
-------+----------+-------------------------------------------
     0 | D:1      | Chiseanne the Demonspawn Archaeologist began the quest for
                  | the Orb.
     0 | D:1      | Reached XP level 1. HP: 15/15 MP: 1/1
   113 | D:1      | Gained mutation: You are partially covered in rugged brown
                  | scales. (AC +1, +3% HP) [demonic ancestry]
   113 | D:1      | Reached XP level 2. HP: 3/22 MP: 2/2
  1121 | D:2      | Gained mutation: You are slightly more attuned to the
                  | shadows. [demonic ancestry]
  1121 | D:2      | Reached XP level 3. HP: 26/29 MP: 3/3
  1144 | D:2      | Found a sacrificial altar of Ru.
  1199 | D:2      | Found a blossoming altar of Fedhas.
  1207 | D:2      | Reached skill level 1 in Crossbows
  1338 | D:2      | Found a sparkling altar of Nemelex Xobeh.
  1365 | D:2      | Found a burning altar of Makhleb.
  1590 | D:3      | Found a glowing drain.
  1621 | Sewer    | Entered a sewer
  1653 | Sewer    | Noticed Purgy
  1678 | Sewer    | Slain by Purgy

Skill      XL: |  1  2  3 |
---------------+----------+-----
Fighting       | 2 3 |  3.0
Crossbows      | 2 |  2.9
Maces & Flails | |  0.8
Dodging        | |  2.6
Stealth        | |  3.0

Action                   || total
-------------------------++-------
Melee: Short sword       ||   172
       Whip              ||     9
  Use: Potion            ||     6
       Scroll            ||     2
 Stab: Sleeping          ||     8
       Distracted        ||     1
  Eat: Chunk             ||     3
Armor: Robe              ||    99
Dodge: Dodged            ||   153
